IL
BUFFALO BISONS @ NASHVILLE SOUNDS
07/14/2049
 
TOP OF THE 1ST
Buffalo Bisons batting - Pitching for Nashville Sounds : LHP Kalaida Steedman
Pitching: LHP Kalaida Steedman
Batting: RHB Alex Ramos 0-0: Called Strike
0-1: SINGLE (Line Drive, 78S, EV 98.8 MPH)
Batting: SHB Bran Stark 0-0: Ball
1-0: Ball
2-0: Ball
3-0: Called Strike
3-1: Base on Balls
Alex Ramos to second
Batting: RHB Francisco Hernandez 0-0: Called Strike
0-1: Ball
1-1: Fielders Choice at 2nd, 1-6 (Groundball, 34S, EV 66.2 MPH)
Alex Ramos to third
Batting: RHB Danny Eberhart 0-0: Foul Ball, location: 2F
0-1: Ball
1-1: Foul Ball, location: 2F
1-2: SINGLE (Groundball, 4MD, EV 93.8 MPH)
Alex Ramos scores
Francisco Hernandez to second
Runner from 2nd tries for 3rd, SAFE, throw by CF made to third
Batting: LHB Isto Mäyrä 0-0: Ball
1-0: Ball
2-0: Called Strike
2-1: Ball
Danny Eberhart steals 2nd base
3-1: Called Strike
3-2: Base on Balls
Batting: RHB Leo Mair 0-0: Fielders Choice at 2nd, 4-6 (Groundball, 4D, EV 103.8 MPH)
Francisco Hernandez scores
Danny Eberhart to third
Batting: RHB Zhi-bin Ou-yang 0-0: Swinging Strike
0-1: Swinging Strike
0-2: Foul Ball, location: 2F
0-2: Strikes out looking
Top of the 1st over - 2 runs, 2 hits, 0 errors, 2 left on base; Buffalo 2 - Nashville 0
BOTTOM OF THE 1ST
Nashville Sounds batting - Pitching for Buffalo Bisons : RHP Jonathon Crunk
Pitching: RHP Jonathon Crunk
Batting: SHB Robert Santiago 0-0: Ball
1-0: Ball
2-0: SINGLE (Groundball, 5D, EV 111.9 MPH)
Batting: LHB Tomas Segarra 0-0: Swinging Strike
0-1: Swinging Strike
0-2: Foul Ball, location: 2F
0-2: Ball
1-2: Ball
2-2: Ball
3-2: Fielders Choice at 2nd, 6-4 (Groundball, 6M, EV 83.8 MPH)
Batting: RHB Tim Cordle 0-0: Called Strike
0-1: Fly out, F2 (Popup, 2RF, EV 90.6 MPH)
Batting: RHB Bill Cabrera 0-0: Ball
1-0: Swinging Strike
1-1: Called Strike
1-2: Ground out 5-3 (Groundball, 56S, EV 84.4 MPH)
Bottom of the 1st over - 0 runs, 1 hit, 0 errors, 1 left on base; Buffalo 2 - Nashville 0
TOP OF THE 2ND
Buffalo Bisons batting - Pitching for Nashville Sounds : LHP Kalaida Steedman
Batting: RHB Danny Heyer 0-0: Ball
1-0: Ball
2-0: Foul Ball, location: 2F
2-1: Called Strike
2-2: Foul Ball, location: 2F
2-2: TRIPLE (Line Drive, 9D, EV 108.1 MPH)
Batting: RHB Bobby Lasaguna 0-0: Swinging Strike
0-1: Swinging Strike
0-2: Strikes out swinging
Batting: RHB Alex Ramos 0-0: Ball
1-0: Ball
2-0: Ball
3-0: Called Strike
3-1: Foul Ball, location: 2F
3-2: Strikes out swinging
Batting: SHB Bran Stark 0-0: Ball
1-0: Ball
2-0: Ground out 4-3 (Groundball, 4M, EV 93.1 MPH)
Top of the 2nd over - 0 runs, 1 hit, 0 errors, 1 left on base; Buffalo 2 - Nashville 0
BOTTOM OF THE 2ND
Nashville Sounds batting - Pitching for Buffalo Bisons : RHP Jonathon Crunk
Batting: LHB Gregg Power 0-0: Called Strike
0-1: SINGLE (Groundball, 34D, EV 105.6 MPH)
Batting: RHB David Herrera 0-0: Fielders Choice at 2nd, 6-4 (Groundball, 6D, EV 86.2 MPH)
Batting: LHB Al Hernandez 0-0: Called Strike
0-1: Ball
1-1: Foul Ball, location: 2F
1-2: Strikes out swinging
Batting: RHB Wade Diamond 0-0: Ball
1-0: Ground out 4-3 (Groundball, 34S, EV 85.0 MPH)
Bottom of the 2nd over - 0 runs, 1 hit, 0 errors, 1 left on base; Buffalo 2 - Nashville 0
TOP OF THE 3RD
Buffalo Bisons batting - Pitching for Nashville Sounds : LHP Kalaida Steedman
Batting: RHB Francisco Hernandez 0-0: Called Strike
0-1: Foul Ball, location: 2F
0-2: Ball
1-2: Foul Ball, location: 2F
1-2: Foul Ball, location: 2F
1-2: Foul Ball, location: 2F
1-2: Foul Ball, location: 2F
1-2: Fly out, F8 (Flyball, 89S, EV 95.6 MPH)
Batting: RHB Danny Eberhart 0-0: Ball
1-0: Swinging Strike
1-1: Ball
2-1: SINGLE (Groundball, 4MD, EV 95.0 MPH)
Batting: LHB Isto Mäyrä 0-0: Ball
1-0: Called Strike
1-1: Foul Ball, location: 2F
1-2: Foul Ball, location: 2F
1-2: SINGLE (Groundball, 4D, EV 108.1 MPH)
Danny Eberhart to second
Runner from 2nd tries for 3rd, OUT! 9-5
Isto Mäyrä to second
Batting: RHB Leo Mair 0-0: Called Strike
0-1: Called Strike
0-2: Fly out, F8 (Flyball, 8LD, EV 95.6 MPH)
Top of the 3rd over - 0 runs, 2 hits, 0 errors, 1 left on base; Buffalo 2 - Nashville 0
BOTTOM OF THE 3RD
Nashville Sounds batting - Pitching for Buffalo Bisons : RHP Jonathon Crunk
Batting: RHB Yonetoshi Muranaka 0-0: Foul Ball, location: 2F
0-1: Called Strike
0-2: Ball
1-2: Ball
2-2: Ball
3-2: Foul Ball, location: 2F
3-2: Base on Balls
Batting: SHB Robert Santiago 0-0: Ball
1-0: Foul Ball, location: 2F
1-1: Called Strike
1-2: Foul Ball, location: 2F
1-2: Foul Ball, location: 2F
1-2: Strikes out swinging
Batting: LHB Tomas Segarra 0-0: DOUBLE (Line Drive, 89M, EV 103.1 MPH)
Yonetoshi Muranaka to third
Batting: RHB Tim Cordle 0-0: Ball
1-0: Ground out 1-3 (Groundball, 15S, EV 66.2 MPH)
Batting: RHB Bill Cabrera 0-0: Called Strike
0-1: Ball
1-1: Foul Ball, location: 2F
1-2: Ball
2-2: Strikes out looking
Bottom of the 3rd over - 0 runs, 1 hit, 0 errors, 2 left on base; Buffalo 2 - Nashville 0
TOP OF THE 4TH
Buffalo Bisons batting - Pitching for Nashville Sounds : LHP Kalaida Steedman
Batting: RHB Zhi-bin Ou-yang 0-0: Foul Ball, location: 2F
0-1: Ball
1-1: Ball
2-1: Foul Ball, location: 2F
2-2: Ball
3-2: Foul Ball, location: 2F
3-2: Base on Balls
Batting: RHB Danny Heyer 0-0: Ball
1-0: Ball
2-0: Reached on error, E6 (Groundball, 6M, EV 76.9 MPH)
Zhi-bin Ou-yang to second
Batting: RHB Bobby Lasaguna 0-0: Ball
1-0: Called Strike
1-1: Ball
2-1: Foul Ball, location: 2F
2-2: Ball
3-2: Foul Ball, location: 2F
3-2: Base on Balls
Zhi-bin Ou-yang to third
Danny Heyer to second
Batting: RHB Alex Ramos 0-0: Called Strike
0-1: Ball
1-1: Swinging Strike
1-2: Foul Ball, location: 2F
1-2: Ball
2-2: Ball
3-2: Base on Balls
Zhi-bin Ou-yang scores
Danny Heyer to third
Bobby Lasaguna to second
Batting: SHB Bran Stark 0-0: Ball
1-0: Foul Ball, location: 2F
1-1: Ball
2-1: Called Strike
2-2: Foul Ball, location: 2F
2-2: Strikes out swinging
Batting: RHB Francisco Hernandez 0-0: Called Strike
0-1: Grounds into double play, 3-6-3 (Groundball, 3, EV 77.5 MPH)
Top of the 4th over - 1 run, 0 hits, 1 error, 2 left on base; Buffalo 3 - Nashville 0
BOTTOM OF THE 4TH
Nashville Sounds batting - Pitching for Buffalo Bisons : RHP Jonathon Crunk
Batting: LHB Gregg Power 0-0: Called Strike
0-1: Ground out U3 (Groundball, 34, EV 92.5 MPH)
Batting: RHB David Herrera 0-0: Called Strike
0-1: Ball
1-1: Swinging Strike
1-2: Strikes out looking
Batting: LHB Al Hernandez 0-0: SINGLE (Line Drive, 56, EV 102.5 MPH)
Batting: RHB Wade Diamond 0-0: SINGLE (Line Drive, 56, EV 103.1 MPH)
Al Hernandez to second
Batting: RHB Yonetoshi Muranaka 0-0: Called Strike
0-1: Ball
1-1: Foul Ball, location: 2F
1-2: Ball
2-2: Strikes out swinging
Bottom of the 4th over - 0 runs, 2 hits, 0 errors, 2 left on base; Buffalo 3 - Nashville 0
TOP OF THE 5TH
Buffalo Bisons batting - Pitching for Nashville Sounds : LHP Kalaida Steedman
Pitching: RHP Ricky Lopez
Batting: RHB Danny Eberhart 0-0: Ball
1-0: Called Strike
1-1: Ground out 6-3 (Groundball, 6, EV 80.0 MPH)
Batting: LHB Isto Mäyrä 0-0: Ball
1-0: Ball
2-0: Ball
3-0: Base on Balls
Batting: RHB Leo Mair 0-0: Ball
Isto Mäyrä is caught stealing 2nd base 2-4
1-0: Foul Ball, location: 2F
1-1: Fly out, F9 (Flyball, 9D, EV 93.1 MPH)
Top of the 5th over - 0 runs, 0 hits, 0 errors, 0 left on base; Buffalo 3 - Nashville 0
BOTTOM OF THE 5TH
Nashville Sounds batting - Pitching for Buffalo Bisons : RHP Jonathon Crunk
Batting: SHB Robert Santiago 0-0: Ball
1-0: Called Strike
1-1: Swinging Strike
1-2: Strikes out swinging
Batting: LHB Tomas Segarra 0-0: Ball
1-0: Called Strike
1-1: Ball
2-1: Called Strike
2-2: Ball
3-2: Foul Ball, location: 2F
3-2: Fly out, F7 (Flyball, 7S, EV 80.6 MPH)
Batting: RHB Tim Cordle 0-0: Hit by Pitch
Batting: RHB Bill Cabrera 0-0: Ball
1-0: Foul Ball, location: 2F
1-1: Ball
2-1: Fly out, F2 (Popup, 23F, EV 87.5 MPH)
Bottom of the 5th over - 0 runs, 0 hits, 0 errors, 1 left on base; Buffalo 3 - Nashville 0
TOP OF THE 6TH
Buffalo Bisons batting - Pitching for Nashville Sounds : RHP Ricky Lopez
Batting: RHB Zhi-bin Ou-yang 0-0: Ball
1-0: Foul Ball, location: 2F
1-1: Fly out, F2 (Popup, 23F, EV 76.2 MPH)
Batting: RHB Danny Heyer 0-0: Foul Ball, location: 2F
0-1: Ball
1-1: Called Strike
1-2: Ball
2-2: Foul Ball, location: 2F
2-2: Ball
3-2: Fly out, F8 (Flyball, 8RXD, EV 82.5 MPH)
Batting: RHB Bobby Lasaguna 0-0: Ball
1-0: Foul Ball, location: 2F
1-1: Ball
2-1: Called Strike
2-2: Foul Ball, location: 2F
2-2: Strikes out swinging
Top of the 6th over - 0 runs, 0 hits, 0 errors, 0 left on base; Buffalo 3 - Nashville 0
BOTTOM OF THE 6TH
Nashville Sounds batting - Pitching for Buffalo Bisons : RHP Jonathon Crunk
Batting: LHB Gregg Power 0-0: Ball
1-0: Foul Ball, location: 2F
1-1: Ball
2-1: Ball
3-1: Foul Ball, location: 2F
3-2: Strikes out swinging
DELAY Rain delay of 61 minutes in the 6th inning.
Pitching: RHP Matt Still
Batting: RHB David Herrera 0-0: Ball
1-0: Called Strike
1-1: Ball
2-1: Foul Ball, location: 2F
2-2: Strikes out looking
Batting: LHB Al Hernandez 0-0: Ball
1-0: Foul Ball, location: 2F
1-1: Foul Ball, location: 2F
1-2: Strikes out swinging
Bottom of the 6th over - 0 runs, 0 hits, 0 errors, 0 left on base; Buffalo 3 - Nashville 0
TOP OF THE 7TH
Buffalo Bisons batting - Pitching for Nashville Sounds : RHP Ricky Lopez
Pitching: RHP Antonio Reyes
Batting: RHB Alex Ramos 0-0: Foul Ball, location: 2F
0-1: Called Strike
0-2: Strikes out swinging
Batting: SHB Bran Stark 0-0: Called Strike
0-1: Ball
1-1: Ball
2-1: Fly out, F7 (Flyball, 78S, EV 86.2 MPH)
Batting: RHB Francisco Hernandez 0-0: Called Strike
0-1: Called Strike
0-2: TRIPLE (Flyball, 78XD, EV 108.1 MPH)
Batting: RHB Danny Eberhart 0-0: Swinging Strike
0-1: Fly out, F9 (Flyball, 9LS, EV 87.5 MPH)
Top of the 7th over - 0 runs, 1 hit, 0 errors, 1 left on base; Buffalo 3 - Nashville 0
BOTTOM OF THE 7TH
Nashville Sounds batting - Pitching for Buffalo Bisons : RHP Matt Still
Batting: RHB Wade Diamond 0-0: Called Strike
0-1: Ball
1-1: Called Strike
1-2: Foul Ball, location: 2F
1-2: Ground out 4-3 (Groundball, 4, EV 88.1 MPH)
Batting: RHB Yonetoshi Muranaka 0-0: Swinging Strike
0-1: Ball
1-1: Foul Ball, location: 2F
1-2: Ball
2-2: Strikes out swinging
Batting: SHB Robert Santiago 0-0: Ball
1-0: Ball
2-0: Ball
3-0: Base on Balls
Batting: LHB Tomas Segarra 0-0: Ball
1-0: Ball
Wild Pitch!
Robert Santiago to second
2-0: Ground out 6-3 (Groundball, 6M, EV 103.1 MPH)
Bottom of the 7th over - 0 runs, 0 hits, 0 errors, 1 left on base; Buffalo 3 - Nashville 0
TOP OF THE 8TH
Buffalo Bisons batting - Pitching for Nashville Sounds : RHP Antonio Reyes
Batting: LHB Isto Mäyrä 0-0: Ball
1-0: Ball
2-0: Called Strike
2-1: Ball
3-1: Called Strike
3-2: Base on Balls
Batting: RHB Leo Mair 0-0: Called Strike
Isto Mäyrä steals 2nd, throwing error, E2
Isto Mäyrä to third
0-1: Ball
1-1: Called Strike
1-2: Ball
2-2: Foul Ball, location: 2F
2-2: Strikes out swinging
Batting: RHB Zhi-bin Ou-yang 0-0: Ball
1-0: Ground out 5-3 (Groundball, 56S, EV 67.5 MPH)
Batting: RHB Danny Heyer 0-0: Ball
1-0: Foul Ball, location: 2F
1-1: Ground out U3 (Groundball, 3, EV 83.8 MPH)
Top of the 8th over - 0 runs, 0 hits, 1 error, 1 left on base; Buffalo 3 - Nashville 0
BOTTOM OF THE 8TH
Nashville Sounds batting - Pitching for Buffalo Bisons : RHP Matt Still
Pitching: RHP Luis Bautista
Batting: RHB Tim Cordle 0-0: Ball
1-0: Foul Ball, location: 2F
1-1: SINGLE (Groundball, 6MD, EV 98.8 MPH)
Batting: RHB Bill Cabrera 0-0: Ball
1-0: Foul Ball, location: 2F
1-1: Ball
2-1: Swinging Strike
2-2: Ball
3-2: Foul Ball, location: 2F
3-2: Grounds into double play, 5-4-3 (Groundball, 56, EV 108.1 MPH)
Batting: LHB Gregg Power 0-0: Foul Ball, location: 2F
0-1: Swinging Strike
0-2: Ball
1-2: Ball
2-2: Fly out, F7 (Flyball, 78S, EV 90.0 MPH)
Bottom of the 8th over - 0 runs, 1 hit, 0 errors, 0 left on base; Buffalo 3 - Nashville 0
TOP OF THE 9TH
Buffalo Bisons batting - Pitching for Nashville Sounds : RHP Antonio Reyes
Pitching: RHP Elijah Daniels
Batting: RHB Bobby Lasaguna 0-0: Foul Ball, location: 2F
0-1: Foul Ball, location: 2F
0-2: Ball
1-2: Ball
2-2: Strikes out swinging
Batting: RHB Alex Ramos 0-0: Ball
1-0: Foul Ball, location: 2F
1-1: Called Strike
1-2: Strikes out swinging
Batting: SHB Bran Stark 0-0: Called Strike
0-1: Ball
1-1: Ball
2-1: Ground out 4-3 (Groundball, 4, EV 103.8 MPH)
Top of the 9th over - 0 runs, 0 hits, 0 errors, 0 left on base; Buffalo 3 - Nashville 0
BOTTOM OF THE 9TH
Nashville Sounds batting - Pitching for Buffalo Bisons : RHP Luis Bautista
Pitching: LHP Mario Amore
Batting: RHB David Herrera 0-0: Foul Ball, location: 2F
0-1: Ball
1-1: Ball
2-1: Called Strike
2-2: Foul Ball, location: 2F
2-2: Foul Ball, location: 2F
2-2: Ball
3-2: Strikes out swinging
Pinch Hitting: RHB Jonathan Ellis 0-0: Ball
1-0: Foul Ball, location: 2F
1-1: Ball
2-1: Foul Ball, location: 2F
2-2: Ball
3-2: Fly out, F9 (Flyball, 89M, EV 91.2 MPH)
Batting: RHB Wade Diamond 0-0: Called Strike
0-1: Ground out 4-3 (Groundball, 4, EV 80.6 MPH)
Bottom of the 9th over - 0 runs, 0 hits, 0 errors, 0 left on base; Buffalo 3 - Nashville 0
Sunday, July 16th , 2023 - OOTP Baseball 24.6 Build 69